 Dungeon Crawl Stone Soup version 0.22-a0-185-ge330310 (webtiles) character file.

367 mortelune the Chiller (level 6, -2/41 HPs)
             Began as a Demonspawn Ice Elementalist on Feb 15, 2018.
             Slain by an ogre
             ... wielding a +0 giant club
              (16 damage)
             ... on level 5 of the Dungeon.
             The game lasted 00:13:28 (6647 turns).

mortelune the Chiller (Demonspawn Ice Elementalist) Turns: 6647, Time: 00:13:29

Health: -2/41      AC:  6    Str:  8    XL:     6   Next: 41%
Magic:  2/12       EV: 12    Int: 18    God:
Gold:   132        SH:  0    Dex: 14    Spells: 3/13 levels left

rFire    . . .     SeeInvis .   t - +0 spear
rCold    . . .     Gourm    +   (no shield)
rNeg     . . .     Faith    .   y - +0 robe
rPois    +         Spirit   .   (no helmet)
rElec    .         Reflect  .   (no cloak)
rCorr    .         Harm     .   h - +0 pair of gloves
MR       .....                  (no boots)
Stlth    ++++......             w - amulet of the gourmand
HPRegen  0.13/turn              d - ring of stealth
MPRegen  0.13/turn              i - ring of poison resistance

@: very slightly contaminated
A: slimy green scales 2, nightstalker 1
a: no special abilities


You were on level 5 of the Dungeon.
You were not hungry.

You visited 1 branch of the dungeon, and saw 5 of its levels.

You collected 132 gold pieces.

Inventory:

Hand Weapons
 f - a +0 club
 p - a +0 dagger
 t - a +0 spear (weapon)
Missiles
 z - 7 tomahawks of returning (quivered)
Armour
 a - a +0 robe
 h - a +0 pair of gloves (worn)
 y - a +0 robe (worn)
 C - the cursed +0 leather armour of Tomorrow {rN+}
   (You found it on level 4 of the Dungeon)

   It protects you from negative energy.
   It has a curse placed upon it.
Jewellery
 d - a ring of stealth (left hand)
 i - a ring of poison resistance (right hand)
 u - an uncursed ring of fire {unknown}
 w - an amulet of the gourmand (around neck)
Wands
 c - a wand of scattershot (5)
 o - a wand of enslavement (16)
Scrolls
 e - a scroll of remove curse
 g - a scroll of blinking
 l - 2 scrolls of amnesia {unknown}
 r - 2 scrolls of teleportation {unknown}
 s - a scroll of magic mapping {unknown}
 x - 2 scrolls of fog {unknown}
Potions
 j - 2 potions of curing
 n - a potion of ambrosia
 q - a potion of mutation
 v - 2 potions of flight
 A - 2 potions of lignification
Books
 b - a book of Frost

   Spells                             Type                      Level
   a - Freeze                         Ice                          1
   b - Throw Frost                    Conjuration/Ice              2
   c - Ozocubu's Armour               Charms/Ice                   3
   d - Throw Icicle                   Conjuration/Ice              4
   e - Summon Ice Beast               Ice/Summoning                4


   Skills:
 - Level 2.0 Dodging
 - Level 1.7 Stealth
 + Level 4.0 Spellcasting
 + Level 3.5 Conjurations
 + Level 4.3 Ice Magic


You had 3 spell levels left.
You knew the following spells:

 Your Spells              Type           Power        Failure   Level  Hunger
a - Freeze                Ice            ###.         2%          1    None
b - Throw Frost           Conj/Ice       ###...       4%          2    ##.....
c - Ozocubu's Armour      Chrm/Ice       ##......     19%         3    ###....
d - Throw Icicle          Conj/Ice       ###.....     28%         4    ####...


Dungeon Overview and Level Annotations

Branches:
Dungeon (5/15)
 Temple: D:4-7

Altars:
Hepliaklqana

Annotations:
D:3 Sigmund


Innate Abilities, Weirdness & Mutations

You are mostly covered in slimy green scales. (AC +3)
You are slightly more attuned to the shadows.


Message History

Aiming: Freeze (safe; 2% risk of failure)
Press: ? - help, Shift-Dir - straight line, f/p - ogre
Aim: an ogre, wielding a giant club (heavily wounded)
You freeze the ogre.
The ogre is heavily wounded.
The ogre hits you with a giant club!!
Ouch! That really hurt!
Casting: Freeze (safe; 2% risk of failure)
Confirm with . or Enter, or press ? or * to list all spells.
Aiming: Freeze (safe; 2% risk of failure)
Press: ? - help, Shift-Dir - straight line, f/p - ogre
Aim: an ogre, wielding a giant club (heavily wounded)
You freeze the ogre.
The ogre is severely wounded.
The ogre hits you with a giant club!
* * * LOW HITPOINT WARNING * * *
Things that are here:
a hand axe; a ring mail You feel better.
The ogre hits you with a giant club!
You die...

.........#
.........#
.........#
.........# #
##.......# .#
#######'###.#
#........#
#........#
#....@...#
#....O...#
#........#
#####....#
#....###
#...>...
.....%.######
........
.......##


You could see an ogre.

Vanquished Creatures
  A howler monkey (D:5)
  2 centaur skeletons (D:5)
  2 orc wizards (D:4)
  A bullfrog skeleton (D:4)
  2 worker ants
  3 adders
  A shadow imp (D:5)
  An ooze (D:1)
  An adder zombie (D:5)
  3 worms
  3 dart slugs (D:1)
  2 leopard geckos
  3 orcs
  8 bats
  9 giant cockroaches
  10 goblins
  6 hobgoblins
  10 jackals
  A quokka (D:5)
  2 ball pythons
  A frilled lizard (D:5)
  A giant cockroach zombie (D:5)
  2 kobolds (D:1)
  10 rats
85 creatures vanquished.

Notes
Turn   | Place    | Note
-------+----------+-------------------------------------------
     0 | D:1      | mortelune the Demonspawn Ice Elementalist began the quest for the Orb.
     0 | D:1      | Reached XP level 1. HP: 13/13 MP: 3/3
   356 | D:1      | Gained mutation: You are partially covered in slimy green scales. (AC +2) [demonic ancestry]
   356 | D:1      | Reached XP level 2. HP: 19/19 MP: 5/5
   360 | D:1      | Learned a level 2 spell: Throw Frost
  1187 | D:1      | Reached XP level 3. HP: 24/24 MP: 4/6
  2240 | D:2      | HP: 1/24 [worm (10)]
  2783 | D:2      | Learned a level 3 spell: Ozocubu's Armour
  3012 | D:2      | Gained mutation: You are slightly more attuned to the shadows. [demonic ancestry]
  3012 | D:2      | Reached XP level 4. HP: 30/30 MP: 5/8
  3709 | D:3      | Noticed Sigmund
  4104 | D:4      | Gained mutation: You are mostly covered in slimy green scales. (AC +3) [demonic ancestry]
  4104 | D:4      | Reached XP level 5. HP: 13/35 MP: 6/9
  4393 | D:4      | Found a hazy altar of Hepliaklqana.
  4816 | D:4      | Got a bronze leather armour
  5143 | D:4      | Learned a level 4 spell: Throw Icicle
  5250 | D:4      | Noticed an ogre
  5325 | D:5      | Entered Level 5 of the Dungeon
  5702 | D:5      | Reached XP level 6. HP: 32/41 MP: 11/11
  6205 | D:5      | HP: 2/41 [shadow imp/nerve-wracking pain (7)]
  6530 | D:5      | Identified the cursed +0 leather armour of Tomorrow {rN+} (You found it on level 4 of the Dungeon)
  6647 | D:5      | Slain by an ogre

Vault maps used:
D:1:      onia_arrival_larder, minmay_domino_4
D:3:      grunt_gozag_breadcrumbs, uniq_sigmund
D:4:      kennysheep_big_flooded_room, old_standard_altar, kennysheep_mini_moat,
          lemuel_zombie_altar_yredelemnul
D:5:      slow_altar_2, serial_shops, nicolae_shop_waterfront, first_ration

Skill      XL: |  1  2  3  4  5  6 |
---------------+-------------------+-----
Dodging        | 2 |  2.0
Ice Magic      | 3 4 |  4.3
Conjurations   | 2 3 |  3.5
Spellcasting   | 3 4 |  4.0
Stealth        | |  1.7

Action                   |  1- 3 |  4- 6 || total
-------------------------+-------+-------++-------
Melee: Unarmed           |    11 |       ||    11
       Club              |    10 |       ||    10
       Spear             |       |   118 ||   118
 Cast: Freeze            |    74 |    55 ||   129
       Throw Frost       |     9 |    21 ||    30
       Ozocubu's Armour  |       |     5 ||     5
       Throw Icicle      |       |     6 ||     6
  Use: Scroll            |       |    10 ||    10
       Potion            |       |     3 ||     3
 Stab: Sleeping          |       |     1 ||     1
  Eat: Chunk             |     7 |     9 ||    16
       Ration            |       |     2 ||     2
Armor: Robe              |    14 |    72 ||    86
Dodge: Dodged            |    52 |   115 ||   167

Table legend:
 A = Spawn XP
 B = Non-spawn XP
 C = Spawn XP percentage of total XP
 D = Spawn monster count
 E = Non-spawn monster count
 F = Spawn count percentage of total count
 G = Total turns spent on level
                    A         B        C        D         E        F      G
               +---------+---------+-------+---------+---------+-------+---------
         Total |       0 |     525 |   0.0 |       0 |      85 |   0.0 |  6647
               +---------+---------+-------+---------+---------+-------+---------
           D:1 |       0 |      59 |   0.0 |       0 |      29 |   0.0 |  1941
           D:2 |       0 |      44 |   0.0 |       0 |      22 |   0.0 |  1412
           D:3 |       0 |      21 |   0.0 |       0 |       6 |   0.0 |   400
           D:4 |       0 |     200 |   0.0 |       0 |      14 |   0.0 |  1722
           D:5 |       0 |     201 |   0.0 |       0 |      14 |   0.0 |  1172
               +---------+---------+-------+---------+---------+-------+---------
